 Dungeon Crawl Stone Soup version 0.21.1-1-g345015fe64 (webtiles) character file.

40 Oravi the Insei (level 3, 0/26 HPs)
             Began as a Merfolk Transmuter on Apr 16, 2018.
             Succumbed to an adder's poison
             ... on level 2 of the Dungeon.
             The game lasted 00:04:49 (1112 turns).

Oravi the Insei (Merfolk Transmuter)                Turns: 1112, Time: 00:04:50

Health: 0/26       AC:  2    Str:  8 (10) XL:     3   Next: 50%
Magic:  4/6        EV: 13    Int: 12 (13) God:
Gold:   21         SH:  0    Dex: 11 (14) Spells: 0/6 levels left

rFire    . . .     SeeInvis .     - Unarmed
rCold    . . .     Gourm    .   (no shield)
rNeg     . . .     Faith    .   b - +0 robe
rPois    .         Spirit   .   (no helmet)
rElec    .         Reflect  .   (no cloak)
rCorr    .         Harm     .   (no gloves)
MR       .....                  (no boots)
Stlth    ++........             (no amulet)
HPRegen  0.08/turn              k - ring of stealth
MPRegen  0.10/turn              (no ring)

@: lethally poisoned (0 -> -11)
A: change form in water, swift swim, stealthy swim
a: no special abilities


You were on level 2 of the Dungeon.
You were not hungry.

You visited 1 branch of the dungeon, and saw 2 of its levels.

You collected 21 gold pieces.

Inventory:

Missiles
 a - 12 arrows
Armour
 b - a +0 robe (worn)
Jewellery
 k - a ring of stealth (left hand)
Scrolls
 e - a scroll of fear {unknown}
 f - 2 scrolls of identify {unknown}
 g - a scroll of blinking {unknown}
 h - a scroll of teleportation {unknown}
 j - 3 scrolls of magic mapping {unknown}
Books
 c - a book of Changes

   Spells                             Type                      Level
   a - Beastly Appendage              Transmutation                1
   b - Sticks to Snakes               Transmutation                2
   c - Spider Form                    Transmutation/Poison         3
   d - Ice Form                       Ice/Transmutation            4
   e - Blade Hands                    Transmutation                5
Comestibles
 d - 2 rations
 m - a chunk of flesh


   Skills:
 + Level 1.1 Fighting
 + Level 3.0 Dodging
 + Level 4.3 Unarmed Combat
 - Level 2.0 Spellcasting
 * Level 3.4 Transmutations


You couldn't memorise any spells.
You knew the following spells:

 Your Spells              Type           Power        Failure   Level  Hunger
a - Beastly Appendage     Tmut           #.....       7%          1    ##.....
b - Sticks to Snakes      Tmut           #.......     10%         2    ###....
c - Spider Form           Tmut/Pois      #.........   38%         3    ####...


Dungeon Overview and Level Annotations

Branches:
Dungeon (2/15)

Altars:

Annotations:
D:2 Sigmund


Message History

Sigmund closely misses you.
You closely miss Sigmund.
Sigmund is moderately wounded.
The adder bites you.
* * * LOW HITPOINT WARNING * * *
You are lethally poisoned!
The adder poisons you! The frilled lizard closely misses you.
It was a potion of cancellation.
Your magical effects are unravelling.
You feel magically purged.
Your transformation has ended.
Your +0 robe unmelds from your body.
* * * LOW HITPOINT WARNING * * *
You feel sick. The adder barely misses you. Sigmund misses you.
The frilled lizard barely misses you. The adder bites you.
* * * LOW HITPOINT WARNING * * *
It was a potion of degeneration.
There was something very wrong with that liquid.
You feel weakened.
You feel dopey.
You feel clumsy.
You die...

#.....# (....
#......#####'## ......
#...... #.#
......##...[. #.#
#.......... #.#####
#..!......# #......
#.........# #####......
#......S@.####..........
#.....l@..+.............
#.........####.###......
#.....##...# #..##......
#.### #.#.# ##..........
#.#.# #...##......
#.#######<##......
#.....# #.##......
#####.###)##.#####
...#.....##.#


You could see Sigmund, an adder and a frilled lizard.

Vanquished Creatures
  A worm (D:2)
  A dart slug (D:1)
  A leopard gecko (D:1)
  5 bats
  3 giant cockroaches
  6 goblins
  3 hobgoblins (D:1)
  A quokka (D:2)
  3 frilled lizards
  3 kobolds
  5 rats (D:1)
32 creatures vanquished.

Vanquished Creatures (others)
  2 ghouls (D:1)
  A minotaur (D:1)
  A draconian (D:1)
  2 vine stalkers (D:1)
  A troll (D:1)
  A dwarf (D:1)
  2 ogres (D:1)
  2 centaurs (D:1)
  6 tentacles (D:1)
18 creatures vanquished.

Grand Total: 50 creatures vanquished

Notes
Turn   | Place    | Note
-------+----------+-------------------------------------------
     0 | D:1      | Oravi the Merfolk Transmuter began the quest for the Orb.
     0 | D:1      | Reached XP level 1. HP: 15/15 MP: 3/3
     0 | D:1      | Noticed an ogre
     0 | D:1      | Noticed a ghoul
     0 | D:1      | Noticed a centaur
     0 | D:1      | Noticed a vine stalker
     0 | D:1      | Noticed a troll
     0 | D:1      | Noticed a vine stalker
     0 | D:1      | Noticed a kraken
     0 | D:1      | Noticed a dwarf
     0 | D:1      | Noticed a draconian
     0 | D:1      | Noticed a ghoul
     0 | D:1      | Noticed a centaur
     0 | D:1      | Noticed an ogre
     0 | D:1      | Noticed a minotaur
     3 | D:1      | Killed a vine stalker
    11 | D:1      | Killed an ogre
    11 | D:1      | Killed a draconian
    12 | D:1      | Killed a centaur
    12 | D:1      | Killed an ogre
    13 | D:1      | Killed a vine stalker
    14 | D:1      | Killed a troll
    14 | D:1      | Killed a dwarf
    14 | D:1      | Killed a centaur
    16 | D:1      | Killed a minotaur
    17 | D:1      | Killed a ghoul
    19 | D:1      | Killed a ghoul
   254 | D:1      | Reached XP level 2. HP: 20/21 MP: 3/5
   361 | D:1      | Reached skill level 4 in Unarmed Combat
   688 | D:1      | Reached XP level 3. HP: 20/26 MP: 4/6
   692 | D:1      | Learned a level 2 spell: Sticks to Snakes
   696 | D:1      | Learned a level 3 spell: Spider Form
  1098 | D:2      | Noticed Sigmund
  1111 | D:2      | HP: 1/26 [adder (3)]
  1112 | D:2      | Succumbed to an adder's poison

Skill      XL: |  1  2 |
---------------+-------+-----
Unarmed Combat | 4 |  4.3
Dodging        | 3 |  3.0
Transmutations | 3 |  3.4
Fighting       | |  1.1
Spellcasting   | |  2.0

Action                   || total
-------------------------++-------
Melee: Unarmed           ||   114
       Headbutt          ||     9
       Punch             ||     2
 Cast: Beastly Appendage ||    18
       Spider Form       ||     4
  Use: Potion            ||     2
 Stab: Sleeping          ||     2
  Eat: Chunk             ||     2
Armor: Robe              ||    23
       Skin              ||     2
Dodge: Dodged            ||   101
